 BcadrenCrawl: Boulder Brew version 0.03.2.1-53-g4a99f7c548 (webtiles) character file.

Game seed: 14634288573249413351, levelgen mode: deterministic

22859 esc the Grappler (level 12, -1/110 HPs) Pink Draconian Demonspawn. Began on Jan 30, 2021. Slain by a guardian mummy ... wielding a cursed +0 glaive of protection {(Curse: Fragile)} (32 damage) ... on level 1 of the Lair of Beasts. The game lasted 00:28:45 (7217 turns).

esc the Grappler (Pink Draconian Demonspawn)        Turns: 7217, Time: 00:28:45

Health: -1/110     AC:  9    Str: 16    XL:     12 ^: 5377
Magic:  1/16       EV: 29    Int: 15    God:
Gold:   490        SH:  0    Dex: 19    Spells: 14/17 levels left

rFire    . . .     Vision   .     - Unarmed
rCold    + . .     Gourm    .     - Unarmed
rNeg     . . .     Faith    .   (armour unavailable)
rPois    .         Spirit   .   (helmet restricted)
rElec    .         Reflect  .   (no cloak)
rCorr    .         Harm     .   (no gloves)
MR       +....     Clarity  +   (boots unavailable)
Stlth    +++.......             (no amulet)
HPRegen  0.46/turn              n - ring of evasion
MPRegen  0.26/turn              v - ring of protection from magic

@: agile, short of breath
A: no body armour, unfitting armour, hooves 3, cold resistance 1, powered by
pain 3, cold-blooded, boosted long blades aptitude, boosted stealth aptitude,
summoning enhancer 1, clarity, AC +9
a: Breathe Butterflies


You were on level 1 of the Lair of Beasts.
You were not hungry.

You visited 3 branches of the dungeon, and saw 8 of its levels.

You collected 490 gold pieces.

Inventory:

Jewellery
 k - a cursed ring of intelligence {(Curse: Slay-4)}
 m - a cursed ring of stealth {(Curse: rC-)}
 n - a ring of evasion (left hand)
 r - a cursed ring of magical power {(Curse: rC-)}
 s - a cursed ring of ice {(Curse: *Drain)}
 v - a ring of protection from magic (right hand)
 w - a cursed amulet of the gourmand {(Curse: *Drain)}
 x - an uncursed ring of ice
Wands
 a - a wand of polymorph (1)
 o - a wand of random effects (15)
 q - a wand of flame (11)
 u - a wand of disintegration (1)
 C - a wand of ensnaring
 E - a wand of hasting (6)
Scrolls
 f - a scroll of fear
 h - 3 scrolls of blinking
 j - 8 scrolls of teleportation
 l - a scroll of enchantment
 p - a scroll of fog
 t - a scroll of summoning
 y - a scroll of amnesia
Potions
 c - 3 potions of brilliance
 d - 3 potions of might
 e - 2 potions of invisibility
 g - a potion of haste
 i - a potion of curing
 z - a potion of mutation
 A - a potion of resistance
 B - a potion of cancellation
Comestibles
 b - 24 rations
 D - 3 chunks of flesh


   Skills:
 - Level 11.0 Fighting
 - Level 8.2 Dodging
 - Level 2.0 Stealth
 + Level 12.7 Unarmed Combat
 - Level 3.1 Spellcasting
 - Level 5.1 Summonings
 - Level 1.5 Fire Magic
   Level 3.0 Invocations


You had 14 spell levels left.
You knew the following spells:

 Your Spells              Type           Power        Failure   Level  Hunger
a - Flame Tongue          Fire           7 (30)       11%         1    #......
b - Call Imp              Summ           26 (100)     3%          2    ##.....

Your spell library contained the following spells:

 Spells                   Type           Power        Failure   Level  Hunger
 Blink                    Tloc           N/A          30%         2    ##.....
 Slow                     Hex            2 (100)      30%         2    ##.....
 Conjure Flame            Fire           7 (100)      30%         3    ###....
 Mephitic Cloud           Pois/Air       2 (100)      52%         3    ###....


Dungeon Overview and Level Annotations

Branches:
Dungeon (6/8)              Temple (1/1) D:4            Lair (1/6) D:5
    Orc (0/2) D:6

Altars:
Ashenzari
Cheibriados
Dithmenos
Elyvilon
Fedhas Madash
Gozag Ym Sagoz
Hepliaklqana
Kikubaaqudgha
Makhleb
Okawaru
Qazlal
Ru
Sif Muna
Trog
Uskayaw
Vehumet
Xom
Yredelemnul
Zin
The Shining One


Innate Abilities, Weirdness & Mutations

You cannot fit into any form of body armour.
Your fierce pink scales are hard. (AC +9)
You can breathe friendly butterflies.
You have hooves in place of feet.
You are cold resistant. (rC+)
You are powered by pain.
You are cold-blooded and may be slowed by cold attacks.
You are naturally skilled at Long Blades (Aptitude +3).
You are naturally skilled at Stealth (Aptitude +3).
You are in touch with the powers of summonings.
Your fierce pink scales grant you exceptional clarity of mind. (clarity)


Message History

* * * LOW HITPOINT WARNING * * *
You focus on the pain.
You feel agile all of a sudden.
The guardian mummy barely misses you (0).
Casting: Call Imp (safe; 3% risk of failure)
Confirm with . or Enter, or press ? or * to list all spells.
You feel a surge of power!
A metallic apparition takes form in the air.
The mummy priest barely misses your butterfly (0).
The mummy priest closely misses your butterfly (0).
Unknown command.
Okay, then.
You swap places.
Your crimson imp blinks!
The mummy priest prays to its god.
You swap places.
Your crimson imp disappears in a puff of smoke!
Your shadow imp barely misses the guardian mummy (0).
The guardian mummy hits you with a cursed +0 glaive of protection {(Curse: Fragile)} (32)!!
You die...

#..#######..##.###
#..............^..
#..###.#####.####. #.##
### #.# ## ##.# #.#
##..### ##.#
#8b8#.#######.÷#
5...b........÷.#
##5@b#.P...##..#
#####M#5###.#####.#
##..ZZM....##.# #.#
##..M#####...### #.#####
##..Z##Z!.##...## ##......
#..W##Z???.##...###8.#####
+...#^!?.!?.#..^'....# #
#...##.?!!.##...#..8.#
##5^.##.>.##...###..<#


You could see 2 mummy priests, a guardian mummy, a shadow, a crocodile zombie, a
yak zombie, a porcupine skeleton, 2 friendly iron imps and a friendly shadow imp
(invisible).

Vanquished Creatures
  Snorg (D:5)
  Fannar (D:5)
  A boulder beetle (D:6)
  2 unseen horrors (D:6)
  Sonja (Lair:1)
  A two-headed ogre (D:6)
  Nergalle (D:6)
  A hydra (Lair:1)
  A manticore (D:6)
  A black mamba (Lair:1)
  2 ugly things (D:6)
  8 spiny frogs (Lair:1)
  A freezing wraith (Lair:1)
  Maggie (Lair:1)
  2 wolf spiders (Lair:1)
  3 meliai (D:6)
  An elephant (D:5)
  A troll (D:6)
  A rime drake (Lair:1)
  A guardian mummy (Lair:1)
  A queen bee (D:6)
  A hornet (D:6)
  A wraith (D:6)
  A hippogriff (D:5)
  Grum (D:5)
  A cyclops (D:6)
  A hippogriff (shapeshifter) (D:6)
  A giraffe skeleton (Lair:1)
  2 war dogs (D:5)
  2 wyverns (D:6)
  A yak (D:5)
  2 hydra skeletons (Lair:1)
  A hungry ghost (D:5)
  A slime creature (D:6)
  2 basilisks
  2 redbacks (Lair:1)
  A soldier ant (D:6)
  5 orc warriors
  4 phantoms
  10 water moccasins
  A porcupine (Lair:1)
  A swamp drake (D:6)
  4 sky beasts
  2 ice beasts
  A black bear (Lair:1)
  3 ogres
  6 crocodiles
  6 big kobolds
  A swooping magpie zombie (Lair:1)
  12 bullfrogs
  2 black mamba zombies (Lair:1)
  A yak zombie (Lair:1)
  2 black mamba skeletons (Lair:1)
  16 killer bees (D:6)
  A quasit (D:5)
  4 wights
  3 electric eels (Lair:1)
  A rime drake skeleton (Lair:1)
  A crimson imp (D:3)
  4 orc priests
  8 hounds
  6 jellies
  10 orc wizards
  An iguana (D:3)
  13 worker ants
  4 wyvern zombies
  3 crocodile skeletons (Lair:1)
  2 water moccasin skeletons (Lair:1)
  3 wyvern skeletons
  5 giant cockroaches
  A bullfrog zombie (Lair:1)
  2 porcupine skeletons (Lair:1)
  3 bullfrog skeletons
  6 adders
  29 sewer rats
  A white imp (D:4)
  3 worms (D:2)
  11 cinder newts
  2 dart slugs (D:1)
  10 leopard geckos
  29 orcs
  2 adder skeletons
  3 ball pythons
  7 bats
  3 goblins (D:1)
  A hobgoblin (D:1)
  3 jackals (D:4)
  4 quokkas
  A bat skeleton (D:2)
  A jackal skeleton (D:3)
  16 kobolds
  A kobold skeleton (D:2)
  A leopard gecko skeleton (D:3)
  3 quokka skeletons
  3 rats (D:1)
  A butterfly (D:5)
  A withered plant (D:2)
348 creatures vanquished.

Vanquished Creatures (collateral kills)
  A war dog (D:5)
  A scorpion (D:6)
  A sky beast (D:5)
  A centaur (D:5)
  A porcupine zombie (Lair:1)
  A bullfrog skeleton (D:5)
  2 orcs (D:6)
  A jackal (D:4)
  A butterfly (D:5)
10 creatures vanquished.

Vanquished Creatures (others)
  An orc wizard (D:6)
  A giant cockroach (D:2)
  2 sewer rats (D:2)
  A leopard gecko (D:2)
  A quokka (D:6)
  A kobold (D:2)
  A fungus (Lair:1)
  6 plants (Lair:1)
  105 withered plants (D:2)
119 creatures vanquished.

Grand Total: 477 creatures vanquished

Notes
Turn   | Place    | Note
-------+----------+-------------------------------------------
     0 | D:1      | esc the Immature Draconian Demonspawn began the quest for
                  | the Orb.
     0 | D:1      | Reached XP level 1. HP: 16/16 MP: 3/3
    35 | D:1      | Reached skill level 2 in Unarmed Combat
    44 | D:1      | Gained mutation: You have large cloven feet. [demonic
                  | ancestry]
    44 | D:1      | Reached XP level 2. HP: 23/23 MP: 4/4
    68 | D:1      | Reached skill level 3 in Unarmed Combat
    68 | D:1      | Gained mutation: You sometimes gain a little power by
                  | taking damage. [demonic ancestry]
    68 | D:1      | Reached XP level 3. HP: 28/28 MP: 5/5
   701 | D:2      | Gained mutation: You are cold resistant. (rC+) [demonic
                  | ancestry]
   701 | D:2      | Reached XP level 4. HP: 23/35 MP: 6/6
   714 | D:1      | Reached skill level 4 in Unarmed Combat
   832 | D:2      | Reached XP level 5. HP: 29/40 MP: 7/7
   941 | D:2      | Reached skill level 5 in Unarmed Combat
   946 | D:2      | Reached XP level 6. HP: 38/47 MP: 8/8
   947 | D:2      | Found a shimmering altar of Xom.
  1100 | D:2      | Reached skill level 6 in Unarmed Combat
  1192 | D:2      | Your scales start taking on a fierce pink colour.
  1192 | D:2      | Reached XP level 7. HP: 52/52 MP: 9/9
  1192 | D:2      | Gained mutation: You sometimes gain power by taking damage.
                  | [demonic ancestry]
  1192 | D:2      | Gained mutation: Your fierce pink scales grant you
                  | exceptional clarity of mind. (clarity) [Pink Draconian
                  | growth]
  1192 | D:2      | Gained mutation: You are in touch with the powers of
                  | summonings. [Pink Draconian growth]
  1358 | D:2      | Found a glowing silver altar of Zin.
  1686 | D:2      | Found a glowing golden altar of the Shining One.
  1875 | D:2      | Reached skill level 7 in Unarmed Combat
  1926 | D:2      | Found a burning altar of Makhleb.
  1998 | D:2      | Found a hide-covered altar of Uskayaw.
  1998 | D:2      | Found a white marble altar of Elyvilon.
  2261 | D:3      | Reached XP level 8. HP: 63/63 MP: 10/10
  2403 | D:3      | Learned a level 2 spell: Call Imp
  2609 | D:3      | Reached skill level 1 in Summonings
  2896 | D:4      | Found a stormy altar of Qazlal.
  3014 | D:4      | Found a snail-covered altar of Cheibriados.
  3056 | D:4      | Reached skill level 5 in Fighting
  3076 | D:4      | Found a staircase to the Ecumenical Temple.
  3076 | D:4      | Identified the cursed ring of Mayl {rC+ rN+ Str+5 Dex+5,
                  | (Curse: Fragile)}
  3110 | Temple   | Entered the Ecumenical Temple
  3259 | D:4      | Reached XP level 9. HP: 72/74 MP: 10/13
  3297 | D:4      | Found a shadowy altar of Dithmenos.
  3760 | D:5      | Entered Level 5 of the Dungeon
  3834 | D:5      | Found a blossoming altar of Fedhas.
  3854 | D:5      | Reached skill level 8 in Unarmed Combat
  3872 | D:5      | Reached skill level 5 in Dodging
  4085 | D:5      | Noticed an elephant
  4092 | D:5      | Found a staircase to the Lair.
  4096 | D:5      | Gained mutation: You are naturally skilled at Long Blades
                  | (Aptitude +3). [draconic bloodline]
  4096 | D:5      | Gained mutation: You have hoof-like feet. [demonic
                  | ancestry]
  4096 | D:5      | Reached XP level 10. HP: 86/86 MP: 3/14
  4148 | D:5      | Found a sacrificial altar of Ru.
  4178 | D:5      | Noticed Snorg
  4189 | D:5      | Killed Snorg
  4189 | D:5      | Reached skill level 9 in Unarmed Combat
  4289 | D:5      | Noticed Fannar
  4316 | D:5      | Killed Fannar
  4339 | D:5      | Noticed Grum
  4365 | D:5      | Killed Grum
  4365 | D:5      | Reached skill level 5 in Summonings
  4512 | D:5      | Identified the cursed ring "Ugev" {+Blink rElec rN+ Str+3
                  | Dex+5, (Curse: *Tele Fragile)}
  4777 | Lair:1   | Entered Level 1 of the Lair of Beasts
  5098 | Lair:1   | Gained mutation: You are powered by pain. [demonic
                  | ancestry]
  5098 | Lair:1   | Reached XP level 11. HP: 64/97 MP: 12/15
  5254 | D:6      | Noticed a two-headed ogre
  5265 | D:6      | Killed a two-headed ogre
  5403 | D:6      | Noticed Nergalle
  5424 | D:6      | Killed an unseen horror
  5424 | D:6      | Reached skill level 10 in Unarmed Combat
  5434 | D:6      | Reached skill level 10 in Fighting
  5639 | D:6      | Noticed a boulder beetle
  5647 | D:6      | Killed Nergalle
  5653 | D:6      | Killed a boulder beetle
  6019 | D:6      | Killed an unseen horror
  6022 | D:6      | Gained mutation: You are naturally skilled at Stealth
                  | (Aptitude +3). [draconic bloodline]
  6022 | D:6      | Gained mutation: You have hooves in place of feet. [demonic
                  | ancestry]
  6022 | D:6      | Reached XP level 12. HP: 86/110 MP: 1/16
  6169 | D:6      | Found a staircase to the Orcish Mines.
  6310 | Lair:1   | Reached skill level 11 in Unarmed Combat
  6320 | Lair:1   | Noticed Maggie
  6333 | Lair:1   | Killed Maggie
  6617 | Lair:1   | Noticed Sonja
  6631 | Lair:1   | Killed Sonja
  6799 | Lair:1   | Reached skill level 12 in Unarmed Combat
  7150 | Lair:1   | Noticed a mummy priest
  7196 | Lair:1   | Noticed a mummy priest
  7217 | Lair:1   | Slain by a guardian mummy

Levels and vault maps discovered:
D:1:      wander_arrival_peaceful_grave, layout_basic, first_ration
D:2:      layout_sewer, nicolae_overflow_hidden_temple,
          gammafunk_temple_overflow_elements, kennysheep_mini_moat,
          zin_treasury, basic_altar, chequers_jeans
D:3:      layout_basic, corexii_leaking_fountain
D:4:      layout_stronghold, grunt_qazlal_clouds, kennysheep_little_box,
          overflow_temple_1_default, minmay_temple_entry_tees
D:5:      layout_cave_pods, bcadren_lemuel_inverted_doored_altar,
          nicolae_ru_sacrificial_ziggurat, david_lair_generic, uniq_snorg,
          uniq_fannar, uniq_grum
D:6:      layout_rooms, erik_orc_1, special_room [special_room_bee],
          uniq_nergalle
Temple:   cyrus_temple_forest
Lair:1:   ossuary_due_mausoleum, layout_small_grid, chequers_ossuary_entry_cave,
          serial_bayou_shore_a, uniq_sonja, uniq_maggie

Skill      XL: |  1  2  3  4  5  6  7  8  9 10 11 12 |
---------------+-------------------------------------+-----
Unarmed Combat | 2 3 4 5 6 7 8 9 10 12 | 12.7
Fighting       | 3 5 7 9 11 | 11.0
Dodging        | 3 4 5 6 8 |  8.2
Summonings     | 3 5 |  5.1
Spellcasting   | 3 |  3.1
Stealth        | 2 |  2.0
Fire Magic     | |  1.5
Invocations    | |  3.0

Action                   |  1- 3 |  4- 6 |  7- 9 | 10-12 || total
-------------------------+-------+-------+-------+-------++-------
Melee: Unarmed           |    67 |   207 |   501 |   608 ||  1383
       Kick              |     2 |    20 |    45 |   110 ||   177
       Tailslap          |     2 |     7 |    21 |    53 ||    83
 Cast: Call Imp          |       |       |    22 |   134 ||   156
 Abil: Breathe Butterfli |       |       |     3 |     5 ||     8
Evoke: Wand              |       |       |       |     8 ||     8
  Use: Potion            |       |       |       |     1 ||     1
 Stab: Distracted        |       |       |     1 |     2 ||     3
       Sleeping          |       |       |     5 |       ||     5
       Confused          |       |       |       |     2 ||     2
  Eat: Chunk             |       |     1 |    10 |    14 ||    25
       Ration            |       |       |     1 |     2 ||     3
Armor: Skin              |    10 |    13 |    27 |    67 ||   117
Dodge: Dodged            |    21 |    43 |   121 |   172 ||   357
